 Dungeon Crawl Stone Soup version 0.24.0-37-gcf1ca852f1 (webtiles) character file.

Game seed: 14141730216143057000, levelgen mode: deterministic

1164 Mrkan the Cudgeler (level 8, -3/51 HPs)
             Began as a Gargoyle Fighter on Nov 29, 2019.
             Was a Believer of Zin.
             Slain by an ogre
             ... wielding a +0 giant spiked club
              (13 damage)
             ... on level 6 of the Dungeon.
             The game lasted 00:07:18 (4083 turns).

Mrkan the Cudgeler (Gargoyle Fighter)               Turns: 4083, Time: 00:07:20

Health: -3/51      AC: 16    Str: 20    XL:     8   Next: 40%
Magic:  8/8        EV:  5    Int:  9    God:    Zin [**....]
Gold:   276        SH: 10    Dex: 11    Spells: 7/7 levels left

rFire    . . .     SeeInvis .   t - +1 flail (crush)
rCold    . . .     Gourm    .   c - +0 shield
rNeg     + . .     Faith    .   r - +0 chain mail
rPois    ∞         Spirit   .   (no helmet)
rElec    +         Reflect  .   (no cloak)
rCorr    .         Harm     .   (no gloves)
MR       .....                  d - +0 pair of boots
Stlth    ..........             (no amulet)
HPRegen  0.17/turn              (no ring)
MPRegen  0.11/turn              (no ring)

@: no status effects
A: negative energy resistance 1, electricity resistance, unbreathing,
petrification resistance, rot immunity, AC +5
a: Recite, Vitalisation, Donate Gold, Renounce Religion


You were on level 6 of the Dungeon.
You worshipped Zin.
Zin was pleased with you.
You were hungry.

You visited 1 branch of the dungeon, and saw 6 of its levels.

You collected 306 gold pieces.
You donated 30 gold pieces to Zin.

Inventory:

Hand Weapons
 t - a +1 flail of crushing (weapon)
Missiles
 x - 7 silver javelins (quivered)
Armour
 c - a +0 shield (worn)
 d - a +0 pair of boots (worn)
 r - a +0 chain mail (worn)
Jewellery
 a - an uncursed ring of ice {unknown}
 y - a cursed ring of teleportation {unknown}
 B - an uncursed ring of protection from magic {unknown}
 C - an uncursed amulet of faith {unknown}
Wands
 k - a wand of flame (47)
 u - a wand of iceblast (8)
Scrolls
 e - 12 scrolls of identify {unknown}
 g - a scroll of enchant weapon {unknown}
 h - 3 scrolls of remove curse {unknown}
 i - a scroll of blinking {unknown}
 j - a scroll of enchant armour {unknown}
 n - 3 scrolls of teleportation {unknown}
 o - 2 scrolls of fear {unknown}
 p - 2 scrolls of random uselessness {unknown}
 v - 2 scrolls of immolation {unknown}
Potions
 b - a potion of heal wounds {unknown}
 l - 2 potions of curing {unknown}
 m - a potion of lignification {unknown}
 q - a potion of agility {unknown}
 s - a potion of degeneration {unknown}
 w - a potion of mutation {unknown}
 z - a potion of berserk rage {unknown}
Comestibles
 f - 9 rations
 A - 4 chunks of flesh


   Skills:
 + Level 5.8 Fighting
 * Level 6.4 Maces & Flails
 + Level 5.7 Armour
 + Level 5.8 Shields


You had 7 spell levels left.
You didn't know any spells.
Your spell library was empty.

Dungeon Overview and Level Annotations

Branches:
Dungeon (6/15)
 Temple: D:4-7

Altars:
Cheibriados
Qazlal
Zin

Annotations:
D:3 Sigmund


Innate Abilities, Weirdness & Mutations

You are resistant to torment.
Your stone body is resilient. (AC +5)
You are immune to poison.
You resist negative energy. (rN+)
You are resistant to electric shocks. (rElec)
You can survive without breathing.
You are immune to petrification.
You are immune to rotting.


Message History

You kill the big kobold!
You block the bullfrog zombie's attack. The kobold barely misses you.
The ogre hits you with a +0 giant spiked club!
* * * LOW HITPOINT WARNING * * *
The bullfrog zombie hits you but does no damage.
You sock the ogre!
The ogre is moderately wounded.
The kobold hits you but does no damage.
The bullfrog zombie hits you but does no damage.
You thump the ogre!
The ogre is severely wounded.
You block the kobold's attack. You block the ogre's attack.
The bullfrog zombie hits you but does no damage.
Okay, then.
You barely miss the ogre.
The ogre is severely wounded.
The bullfrog zombie hits you but does no damage.
The kobold barely misses you.
The ogre hits you with a +0 giant spiked club!
You die...

####§###.
#@ZK§..$.
#OK§8P##.
#§§§P....
8.§P§.###
..§..##
.8.##.#
⌠.!# ..
8.8## .#.


You could see an ogre, a bullfrog zombie and 2 kobolds.

Vanquished Creatures
  Grinder (D:4)
  A phantom (D:4)
  A centaur (D:5)
  An ogre (D:4)
  A big kobold (D:6)
  2 bullfrogs
  A scorpion (D:5)
  2 crimson imps (D:5)
  A hound (D:5)
  An orc priest (D:4)
  An orc wizard (D:3)
  2 iguanas
  A worker ant (D:4)
  Natasha (thrice) (D:2)
  5 adders
  4 oozes
  2 adder skeletons
  4 worms
  2 dart slugs (D:2)
  4 leopard geckos
  20 orcs
  2 giant cockroaches
  2 goblins
  2 hobgoblins
  6 jackals
  5 quokkas
  A ball python (D:1)
  6 bats
  9 frilled lizards
  7 kobolds
  3 quokka skeletons (D:4)
  6 rats
109 creatures vanquished.

Notes
Turn   | Place    | Note
-------+----------+-------------------------------------------
     0 | D:1      | Mrkan the Gargoyle Fighter began the quest for the Orb.
     0 | D:1      | Reached XP level 1. HP: 14/14 MP: 1/1
   277 | D:1      | Reached XP level 2. HP: 19/19 MP: 2/2
   861 | D:2      | Noticed Natasha
   871 | D:2      | Killed Natasha
   871 | D:2      | Reached XP level 3. HP: 19/24 MP: 3/3
   885 | D:2      | Found a snail-covered altar of Cheibriados.
   933 | D:2      | Reached skill level 3 in Maces & Flails
   935 | D:2      | Reached XP level 4. HP: 5/29 MP: 4/4
  1253 | D:2      | Noticed Natasha
  1281 | D:2      | Killed Natasha
  1648 | D:2      | Found a glowing silver altar of Zin.
  1654 | D:2      | Became a worshipper of Zin the Law-Giver
  1654 | D:2      | Reached * piety under Zin
  1849 | D:2      | Reached XP level 5. HP: 33/33 MP: 5/5
  1889 | D:2      | Noticed Natasha
  1897 | D:2      | Killed Natasha
  2001 | D:3      | Found a stormy altar of Qazlal.
  2547 | D:3      | Noticed Sigmund
  2558 | D:4      | Reached skill level 4 in Maces & Flails
  2558 | D:4      | Reached XP level 6. HP: 34/39 MP: 6/6
  2941 | D:4      | Noticed Grinder
  2941 | D:4      | Paralysed by Grinder for 7 turns
  2966 | D:4      | Killed Grinder
  2966 | D:4      | Reached ** piety under Zin
  2966 | D:4      | Reached skill level 5 in Maces & Flails
  2966 | D:4      | Reached XP level 7. HP: 38/44 MP: 7/7
  3016 | D:4      | Reached skill level 5 in Fighting
  3016 | D:4      | Reached skill level 5 in Armour
  3016 | D:4      | Reached skill level 5 in Shields
  3585 | D:5      | Entered Level 5 of the Dungeon
  3612 | D:5      | Reached XP level 8. HP: 40/50 MP: 8/8
  3725 | D:5      | Reached skill level 6 in Maces & Flails
  4083 | D:6      | Slain by an ogre

Levels and vault maps discovered:
D:1:      nzn_arrival_settlement, layout_basic, fountainhead
D:2:      minmay_evil_eye, layout_loops_ring, zin_scriptorium,
          kennysheep_slug_shrine, grunt_ministairs_8, uniq_natasha
D:3:      layout_loops_cross, led_sif_book, grunt_qazlal_sundering,
          uniq_sigmund, uniq_crazy_yiuf_cottage
D:4:      minmay_spotlight, layout_basic, first_ration, uniq_grinder
D:5:      layout_rooms
D:6:      layout_loops_ring, fiery_altar_vehumet, serial_undead,
          serial_undead_d, serial_undead_b, serial_undead_e, serial_undead_f,
          serial_shops, nicolae_shop_temple_entry_statues_fountains, shop, shop,
          kennysheep_mini, ebering_ghost_reflecting_pool, minmay_holes,
          serial_park_tiny_pond, hangedman_decor_clover_reticule, uniq_pikel

Skill      XL: |  1  2  3  4  5  6  7  8 |
---------------+-------------------------+-----
Maces & Flails | 3 4 5 6 |  6.4
Shields        | 4 5 |  5.8
Fighting       | 4 5 |  5.8
Armour         | 4 5 |  5.7

Action                   |  1- 3 |  4- 6 |  7- 9 || total
-------------------------+-------+-------+-------++-------
Melee: Flail             |    94 |   212 |   147 ||   453
       Unarmed           |       |       |    14 ||    14
  Use: Potion            |       |       |     1 ||     1
  Eat: Chunk             |       |     4 |     3 ||     7
       Ration            |       |     1 |       ||     1
Armor: Scale mail        |    57 |    50 |       ||   107
       Chain mail        |       |    56 |    90 ||   146
Dodge: Dodged            |    35 |    49 |    58 ||   142
Block: Shield            |    60 |   108 |   114 ||   282
